 Dungeon Crawl Stone Soup version 0.30-a0-726-gd89dcf765f (webtiles) character file.

Game seed: 5989815704270978016

78 timneilson the Covered (level 4, -2/28 HPs)
             Began as a Gargoyle Fighter on Jan 29, 2023.
             Slain by an ogre
             ... wielding a +0 giant club
              (3 damage)
             ... on level 3 of the Dungeon.
             The game lasted 00:01:59 (1394 turns).

timneilson the Covered (Gargoyle Fighter)           Turns: 1394, Time: 00:02:00

Health: -2/28      AC: 10    Str: 21    XL:     4   Next: 36%
Magic:  4/4        EV:  9    Int:  9    God:
Gold:   81         SH:  4    Dex:  9    Spells: 3/3 levels left

rFire   . . .      SeeInvis .    a - +0 long sword
rCold   . . .      Faith    .    c - +0 buckler
rNeg    + . .      Spirit   .    b - +0 scale mail
rPois   ∞          Reflect  .    (no helmet)
rElec   +          Harm     .    (no cloak)
rCorr   .          Rampage  .    (no gloves)
Will    .....                    (no boots) Stlth
                                 (no amulet)
HPRegen 0.24/turn                (no ring)
MPRegen 0.09/turn                (no ring)

@: mighty
A: sickness immunity, AC +3, negative energy resistance 1, electricity
resistance, torment resistance 1, petrification resistance
a: no special abilities


You were on level 3 of the Dungeon.
You visited 1 branch of the dungeon, and saw 3 of its levels.

You collected 81 gold pieces.

Inventory:

Hand Weapons
 a - a +0 long sword (weapon)
Armour
 b - a +0 scale mail (worn)
 c - a +0 buckler (worn)
Scrolls
 e - 4 scrolls of teleportation
 j - a scroll of fear
Potions
 f - 2 potions of ambrosia
 g - 3 potions of heal wounds {unknown}
 h - a potion of haste {unknown}
 i - a potion of brilliance {unknown}
 k - a potion of invisibility {unknown}
 l - a potion of berserk rage {unknown}


   Skills:
 + Level 3.6 Fighting
 * Level 2.5 Long Blades
 * Level 4.1 Armour
 + Level 0.7 Dodging
 * Level 3.9 Shields


You had 3 spell levels left.
You didn't know any spells.
Your spell library contained the following spells:

 Spells                   Type           Power      Damage    Failure   Level
 Ensorcelled Hibernation  Hex/Ice        0%         N/A       91%         2
 Spider Form              Tmut/Pois      0%         N/A       99%         3
 Anguish                  Hex/Necr       0%         N/A       100%        4


Dungeon Overview and Level Annotations

Branches:
Dungeon (3/15)

Altars:
Hepliaklqana
Vehumet


Innate Abilities, Weirdness & Mutations

You are immune to sickness and miasma.
Your stone body is resilient. (AC +3)
You are immune to poison.
You resist negative energy. (rN+)
You are resistant to electric shocks. (rElec)
You are resistant to unholy torment.
You are immune to petrification.


Message History

The kobold misses you. The kobold barely misses you.
You barely miss the kobold.
The kobold is severely wounded.
The kobold hits you but does no damage.
You completely miss the kobold.
The kobold is severely wounded.
The kobold hits you with a +0 dagger.
You hit the kobold.
You kill the kobold!
No target in view!
No target in view!
No target in view!
No target in view!
No target in view!
No target in view!
No target in view!
No target in view!
No target in view!
No target in view!
No target in view!
No target in view!
No target in view!
Found a radiant altar of Vehumet.
A rat comes into view.
The rat moves out of view.
Found 9 stones.
You slash the rat!
You kill the rat!
You see here a rat corpse.
You see here a rat corpse.
Found a stone staircase leading down.
There is a stone staircase leading down here.
An ogre comes into view. It is wielding a +0 giant club.
The ogre shouts!
You feel very mighty all of a sudden.
The ogre hits you with a +0 giant club!!
Ouch! That really hurt!
* * * LOW HITPOINT WARNING * * *
You hit the ogre but do no damage. The ogre hits you with a +0 giant club.
You die...

#.........#
#########.#
#># #.# #.#
#.# #.#
########.#
......O@.#
##########


You could see an ogre.

Vanquished Creatures
  2 adders
  A dart slug (D:1)
  5 orcs (D:3)
  2 bats
  4 endoplasms
  3 giant cockroaches (D:1)
  5 hobgoblins
  6 kobolds
  A quokka (D:1)
  6 ball pythons
  3 frilled lizards
  7 goblins
  6 rats
51 creatures vanquished.

Vanquished Creatures (others)
  5 fungi (D:3)
5 creatures vanquished.

Grand Total: 56 creatures vanquished

Notes
Turn   | Place    | Note
-------+----------+-------------------------------------------
     0 | D:1      | timneilson the Gargoyle Fighter began the quest for the
                  | Orb.
     0 | D:1      | Reached XP level 1. HP: 14/14 MP: 1/1
    43 | D:1      | Reached XP level 2. HP: 14/19 MP: 2/2
   318 | D:1      | Reached XP level 3. HP: 23/23 MP: 3/3
   734 | D:2      | Found a hazy altar of Hepliaklqana.
   886 | D:2      | Identified the +7 dagger "Taydwox" {holy, *Noise Int+8}
  1106 | D:3      | Reached skill level 4 in Armour
  1140 | D:3      | Reached XP level 4. HP: 21/28 MP: 4/4
  1341 | D:3      | Found a radiant altar of Vehumet.
  1391 | D:3      | Noticed an ogre
  1393 | D:3      | HP: 1/28 [ogre/+0 giant club (27)]
  1394 | D:3      | Slain by an ogre

Illustrated notes

Levels and vault maps discovered:
D:1:      amcnicky_arrival_flooded_fountain, layout_basic
D:2:      layout_rooms, basic_altar
D:3:      layout_loops_ring, mainiacjoe_overflow_chevrons,
          corexii_hall_statues_t, minmay_goblin_outpost, uniq_crazy_yiuf_cottage

Skill      XL: |  1  2  3 |
---------------+----------+-----
Long Blades    | 2 |  2.5
Armour         | 4 |  4.1
Fighting       | |  3.6
Dodging        | |  0.7
Shields        | |  3.9

Action                     |  1- 3 |  4- 6 || total
---------------------------+-------+-------++-------
  Melee: Long sword        |   148 |    42 ||   190
    Use: Scroll            |     4 |       ||     4
         Potion            |       |     1 ||     1
 Armour: Scale mail        |   122 |    31 ||   153
  Dodge: Dodged            |    79 |    20 ||    99
  Block: Buckler           |    44 |     7 ||    51

Table legend: (Time is in decaauts)
 A = Elapsed time spent in this place.
 B = Non-inter-level travel time spent in this place.
 C = Inter-level travel time spent in this place.
 D = Time resting spent in this place.
 E = Time spent auto-exploring this place.
 F = Levels seen in this place.
 G = Mean time per level.
                   A        B        C        D        E       F      G
               +--------+--------+--------+--------+--------+-----+--------+
         Total |   1455 |   1425 |     30 |     18 |   1007 |   3 |  485.0 |
       Dungeon |   1455 |   1425 |     30 |     18 |   1007 |   3 |  485.0 |
               +--------+--------+--------+--------+--------+-----+--------+

Top non-repeatable levels by time:
     D:1: 692 daAuts
     D:2: 438 daAuts
     D:3: 324 daAuts
